 Dungeon Crawl Stone Soup version 0.30.0-18-gc0e69614cb (webtiles) character file.

Game seed: 15082806723078220491

31 urmum the Conjurer (level 3, 0/26 HPs)
             Began as a Draconian Conjurer on May 24, 2023.
             Succumbed to Robin's poison
             ... on level 2 of the Dungeon.
             The game lasted 00:10:21 (630 turns).

urmum the Conjurer (Draconian Conjurer)              Turns: 630, Time: 00:10:21

Health: 0/26       AC:  7    Str:  9    XL:     3   Next: 7%
Magic:  0/6        EV: 12    Int: 20    God:
Gold:   22         SH:  0    Dex:  9    Spells: 5/6 levels left

rFire   . . .        j - +0 dagger
rCold   . . .        (no shield)
rNeg    . . .        (body armour unavailable)
rPois   .            (helmet restricted)
rElec   .            h - +1 cloak
rCorr   .            (no gloves)
SInv    .            (no boots)
Will    .....        (no amulet)
Stlth   ++           (no ring)
HPRegen 0.24/turn    (no ring)
MPRegen 0.10/turn

%: no passive effects
@: lethally poisoned (0 -> -4)
A: AC +5, unfitting armour, cold-blooded
a: no special abilities


You were on level 2 of the Dungeon.
You visited 1 branch of the dungeon, and saw 2 of its levels.

You collected 22 gold pieces.

Inventory:

Hand Weapons
 j - a +0 dagger (weapon)
Armour
 b - a +0 leather armour
 h - a +1 cloak (worn)
Scrolls
 c - a scroll of enchant weapon {unknown}
 g - 3 scrolls of enchant armour {unknown}
 i - a scroll of teleportation {unknown}
Potions
 a - a potion of magic
 d - a potion of curing {unknown}
 e - a potion of haste {unknown}
 f - a potion of berserk rage {unknown}


   Skills:
 + Level 2.0 Dodging
 + Level 2.1 Stealth
 + Level 0.4 Unarmed Combat
 + Level 2.1 Spellcasting
 + Level 4.5 Conjurations


You had 5 spell levels left.
You knew the following spells:

 Your Spells              Type           Power      Damage    Failure   Level
a - Magic Dart            Conj           80%        1d7       2%          1

Your spell library contained the following spells:

 Spells                   Type           Power      Damage    Failure   Level
 Searing Ray              Conj           40%        2d5       3%          2
 Dazzling Flash           Conj/Hex       22%        N/A       19%         3
 Fulminant Prism          Conj/Hex       5%         3d6       52%         4
 Iskenderun's Mystic Bla  Conj/Tloc      11%        2d4       52%         4


Dungeon Overview and Level Annotations

Branches:
Dungeon (2/15)

Altars:

Annotations:
D:2 Robin


Innate Abilities, Weirdness & Mutations

Your plain brown scales are hard. (AC +5)
You cannot fit into any form of body armour.
You are cold-blooded and may be slowed by cold attacks.


Message History

The goblin is severely wounded.
The goblin hits you but does no damage. The hobgoblin barely misses you.
Robin roars a battlecry!
The goblins go into a battle-frenzy!
You hit the goblin but do no damage.
The goblin is severely wounded.
The goblin closely misses you. The hobgoblin hits you.
You hit the goblin but do no damage.
The goblin is severely wounded.
The goblin hits you with a +0 club. The hobgoblin barely misses you.
You hit the goblin.
You kill the goblin!
Casting: Magic Dart (safe; 2% risk of failure)
Confirm with . or Enter, or press ? or * to list all spells.
Aiming: Magic Dart (safe; 2% risk of failure)
Press: ? - help, Shift-Dir - straight line, f - Robin
Aim: Robin, wielding a +1 dagger of venom, wearing a +0 animal skin and wearing a +0 helmet (100% to hit)
The magic dart hits Robin but does no damage.
The hobgoblin closely misses you. Robin completely misses you.
Casting: Magic Dart (safe; 2% risk of failure)
Confirm with . or Enter, or press ? or * to list all spells.
Aiming: Magic Dart (safe; 2% risk of failure)
Press: ? - help, Shift-Dir - straight line, f/p - Robin
Aim: Robin, wielding a +1 dagger of venom, wearing a +0 animal skin and wearing a +0 helmet (100% to hit)
The magic dart hits Robin.
Robin is moderately wounded.
The hobgoblin hits you but does no damage.
Robin hits you with a +1 dagger of venom.
You are poisoned.
You hit Robin but do no damage.
Robin is moderately wounded.
You feel sick. The hobgoblin closely misses you. Robin misses you.
You barely miss Robin.
Robin is moderately wounded.
You feel sick. The hobgoblin hits you.
* * * LOW HITPOINT WARNING * * *
Robin closely misses you.
You hit Robin but do no damage.
Your tail-slap misses Robin.
Robin is moderately wounded.
You die...

#..# #..#
##..#
....
#..## ...
#.#
#g#####.#
#g@.....#
#########


You could see Robin and a hobgoblin (strong).

Vanquished Creatures
  3 ball pythons (D:1)
  An endoplasm (D:1)
  6 goblins
  6 hobgoblins
  A kobold (D:1)
  4 quokkas (D:1)
  A frilled lizard (D:1)
  2 rats
24 creatures vanquished.

Notes
Turn   | Place    | Note
-------+----------+-------------------------------------------
     0 | D:1      | urmum the Draconian Conjurer began the quest for the Orb.
     0 | D:1      | Reached XP level 1. HP: 14/14 MP: 3/3
   209 | D:1      | Reached XP level 2. HP: 20/20 MP: 1/5
   548 | D:2      | Noticed Robin
   616 | D:2      | Reached XP level 3. HP: 16/26 MP: 3/6
   629 | D:2      | HP: 1/26 [hobgoblin[Robin] (6)]
   630 | D:2      | Succumbed to Robin's poison

Illustrated notes

Levels and vault maps discovered:
D:1:      dpeg_arrival_orchard, layout_basic, serial_shops,
          nicolae_shop_just_a_little_nook, minmay_pentomino_r4
D:2:      layout_loops_ring, uniq_sigmund, uniq_robin

Skill      XL: |  1  2 |
---------------+-------+-----
Stealth        | 2 |  2.1
Dodging        | 2 |  2.0
Unarmed Combat | |  0.4
Spellcasting   | |  2.1
Conjurations   | |  4.5

Action                     || total
---------------------------++-------
  Melee: Unarmed           ||    35
         Tailslap          ||     4
         Dagger            ||    40
         Punch             ||     1
   Cast: Magic Dart        ||    33
   Stab: Sleeping          ||     1
 Armour: Skin              ||    35
  Dodge: Dodged            ||    69
